 Dungeon Crawl Stone Soup version 0.26-a0-800-g517d6fe721 (webtiles) character file.

Game seed: 4137617454958075264

128 Peloso the Shield-Bearer (level 4, -15/40 HPs)
             Began as a Minotaur Fighter on Nov 11, 2020.
             Demolished by an ogre
             ... wielding a +0 giant club
              (26 damage)
             ... on level 2 of the Dungeon.
             The game lasted 00:03:26 (1880 turns).

Peloso the Shield-Bearer (Minotaur Fighter)         Turns: 1880, Time: 00:03:26

Health: -15/40     AC:  8    Str: 19 (21) XL:     4   Next: 86%
Magic:  3/3        EV:  8    Int:  3 (5)  God:
Gold:   96         SH:  9    Dex:  7 (10) Spells: 3/3 levels left

rFire    . . .     SeeInvis .   a - +0 long sword
rCold    . . .     Faith    .   c - +0 kite shield
rNeg     . . .     Spirit   .   b - +0 scale mail
rPois    .         Reflect  .   (helmet restricted)
rElec    .         Harm     .   (no cloak)
rCorr    .         Rampage  .   g - +0 pair of gloves
MR       .....                  (no boots)
Stlth    ..........             (no amulet)
HPRegen  0.13/turn              (no ring)
MPRegen  0.08/turn              (no ring)

@: no status effects
A: retaliatory headbutt, horns 2
a: no special abilities


You were on level 2 of the Dungeon.
You visited 1 branch of the dungeon, and saw 2 of its levels.

You collected 96 gold pieces.

Inventory:

Hand Weapons
 a - a +0 long sword (weapon)
Armour
 b - a +0 scale mail (worn)
 c - a +0 kite shield (worn)
 g - a +0 pair of gloves (worn)
Scrolls
 f - a scroll of immolation {unknown}
 h - 2 scrolls of remove curse {unknown}
 i - a scroll of identify {unknown}
 j - 2 scrolls of fog
 m - a scroll of noise {unknown}
Potions
 d - a potion of might
 e - a potion of haste {unknown}
 k - a potion of curing
 l - a potion of mutation {unknown}
 n - a potion of heal wounds


   Skills:
 + Level 4.0 Fighting
 + Level 3.9 Long Blades
 + Level 4.4 Armour
 + Level 1.4 Dodging
 + Level 4.7 Shields


You had 3 spell levels left.
You didn't know any spells.
Your spell library was empty.

Dungeon Overview and Level Annotations

Branches:
Dungeon (2/15)

Altars:
Ashenzari
Dithmenos
Makhleb
Ru


Innate Abilities, Weirdness & Mutations

You reflexively headbutt those who attack you in melee.
You have a pair of horns on your head.


Message History

An ogre is nearby!
An ogre is nearby!
The ogre hits you with a +0 giant club!
You slash the ogre!
The ogre is moderately wounded.
The ogre closely misses you.
You hit the ogre.
The ogre is heavily wounded.
The ogre hits you with a +0 giant club!
You hit the ogre.
The ogre is heavily wounded.
The ogre hits you with a +0 giant club!
* * * LOW HITPOINT WARNING * * *
You hit the ogre.
The ogre is heavily wounded.
You completely miss the ogre.
The ogre is heavily wounded.
The ogre hits you with a +0 giant club!!
Ouch! That really hurt!
You die...

.####. #######......
##.......# #.
#..#...######.. ######
##.##.#.........
#.....####.†##.##..###..
#............#.###.##
#.# ..####.####...# #..#
#.. #...@O##..##
##.##### #.......#..#
#..#### #.......#..#
##.##.<
#....._......######.##..
#.#.......#.............
#.#.......#............#
# ##.....##.#..........#
###.### #..####....# ##
.........


You could see an ogre.

Vanquished Creatures
  3 adders
  3 gnolls
  An ooze (D:1)
  3 dart slugs
  4 leopard geckos
  2 ball pythons (D:2)
  6 bats
  6 giant cockroaches
  7 goblins
  4 hobgoblins
  3 jackals (D:2)
  6 kobolds
  4 frilled lizards
  6 rats
58 creatures vanquished.

Notes
Turn   | Place    | Note
-------+----------+-------------------------------------------
     0 | D:1      | Peloso the Minotaur Fighter began the quest for the Orb.
     0 | D:1      | Reached XP level 1. HP: 19/19 MP: 0/0
   127 | D:1      | Reached XP level 2. HP: 27/27 MP: 1/1
   138 | D:1      | Found a broken altar of Ashenzari.
   746 | D:1      | Reached XP level 3. HP: 33/33 MP: 2/2
   964 | D:1      | Found a shadowy altar of Dithmenos.
  1104 | D:1      | Reached XP level 4. HP: 13/40 MP: 3/3
  1637 | D:2      | Reached skill level 1 in Dodging
  1728 | D:2      | Found a burning altar of Makhleb.
  1873 | D:2      | Found a sacrificial altar of Ru.
  1874 | D:2      | Noticed an ogre
  1880 | D:2      | Demolished by an ogre

Illustrated notes

Levels and vault maps discovered:
D:1:      dpeg_arrival_water_altar, layout_basic, nicolae_ashenzari_panopticon
D:2:      layout_rooms, lightli_temple_of_fire, old_standard_altar,
          minmay_fractal_squares_gapless_5

Skill      XL: |  1  2  3  4 |
---------------+-------------+-----
Shields        | 4 |  4.7
Armour         | 4 |  4.4
Fighting       | 4 |  4.0
Long Blades    | 3 |  3.9
Dodging        | 1 |  1.4

Action                   |  1- 3 |  4- 6 || total
-------------------------+-------+-------++-------
Melee: Long sword        |    70 |    63 ||   133
       Headbutt          |    11 |     7 ||    18
  Use: Potion            |       |     4 ||     4
       Scroll            |       |     1 ||     1
Armor: Scale mail        |    62 |    24 ||    86
Dodge: Dodged            |    36 |    23 ||    59
Block: Kite shield       |    67 |    32 ||    99
       Rpst.: Long sword |    10 |     6 ||    16

Table legend: (Time is in decaauts)
 A = Elapsed time spent in this place.
 B = Non-inter-level travel time spent in this place.
 C = Inter-level travel time spent in this place.
 D = Time resting spent in this place.
 E = Time spent auto-exploring this place.
 F = Levels seen in this place.
 G = Mean time per level.
                   A        B        C        D        E       F      G
               +--------+--------+--------+--------+--------+-----+--------+
         Total |   1924 |   1850 |     74 |    245 |   1164 |   2 |  962.0 |
       Dungeon |   1924 |   1850 |     74 |    245 |   1164 |   2 |  962.0 |
               +--------+--------+--------+--------+--------+-----+--------+

Top non-repeatable levels by time:
     D:1: 1287 daAuts
     D:2: 637 daAuts
